 Dungeon Crawl Stone Soup version 0.28-a0-1429-gf3d713df7a (webtiles) character file.

Game seed: 5108906550704676270

42 southernslant the Skirmisher (level 3, 0/30 HPs)
             Began as a Djinni Cinder Acolyte on Jan 9, 2022.
             Was a High Priest of Ignis.
             Slain by a gnoll (4 damage)
             ... on level 2 of the Dungeon.
             The game lasted 00:05:04 (856 turns).

southernslant the Skirmisher (Djinni Cinder Acolyte) Turns: 856, Time: 00:05:05

Health: 0/30       AC:  2    Str: 19    XL:     3   Next: 77%
Gold:   41         EV: 11    Int: 15    God:    Ignis [*****.] SH:  0 Dex: 10

rFire   + + +      SeeInvis .   g - +4 dagger
rCold   x . .      Faith    .   (no shield)
rNeg    . . .      Spirit   .   b - +0 robe
rPois   ∞          Reflect  .   (no helmet)
rElec   .          Harm     .   (no cloak)
rCorr   .          Rampage  .   (no gloves)
Will    .....                   (boots unavailable)
Stlth   +.........              e - amulet of regeneration
HPRegen 0.90/turn               f - +6 ring of strength
MPRegen 0.00/turn               (no ring)

@: flying
A: sickness immunity, fire resistance 2, cold vulnerability 1, float, innate
caster, hp casting, extra vitality 1
a: Renounce Religion, Fiery Armour, Foxfire Swarm, Rising Flame


You were on level 2 of the Dungeon.
You worshipped Ignis.
Ignis was extremely pleased with you.
You visited 1 branch of the dungeon, and saw 2 of its levels.

You collected 41 gold pieces.

Inventory:

Hand Weapons
 g - a +4 dagger (weapon)
 h - a +1 dagger of holy wrath
Armour
 b - a +0 robe (worn)
Jewellery
 e - an amulet of regeneration (around neck)
 f - a +6 ring of strength (left hand)
Scrolls
 a - a scroll of noise {unknown}
 d - a scroll of identify {unknown}
 j - a scroll of enchant weapon {unknown}
 k - a scroll of blinking {unknown}


   Skills:
 * Level 3.2 Fighting
 + Level 2.8 Short Blades
 * Level 1.1 Armour
 * Level 1.2 Dodging
 + Level 0.4 Stealth
 * Level 2.6 Spellcasting
 * Level 0.4 Invocations


You had 4 spell levels left.
You knew the following spells:

 Your Spells              Type           Power      Damage    Failure   Level
a - Scorch                Fire           18%        2d5       11%         2
b - Slow                  Hex            36%        N/A       7%          1
Your spell library was empty.

Dungeon Overview and Level Annotations

Branches:
Dungeon (2/15)

Altars:
Yredelemnul


Innate Abilities, Weirdness & Mutations

You are immune to sickness and miasma.
You are immune to poison.
Your flesh is very heat resistant. (rF++)
You are vulnerable to cold. (rC-)
You float through the air rather than walking.
You learn spells naturally, not from books.
Your magical power is your life essence.
You have superior vitality. (+4 MHP)


Message History

Things that are here:
a +0 club; a gnoll corpse The gnoll hits something but does no damage.
The gnoll hits you with a +0 spear.
Things that are here:
a +0 club; a gnoll corpse You hit the gnoll.
The gnoll is lightly wounded.
The gnoll hits something but does no damage.
The gnoll hits you with a +0 spear.
You hit the gnoll.
The gnoll is heavily wounded.
The gnoll hits something but does no damage.
You hit the gnoll.
The gnoll is heavily wounded.
The gnoll barely misses you. The gnoll closely misses you.
You completely miss the gnoll.
The gnoll is moderately wounded.
The gnoll closely misses you.
The gnoll hits you from afar with a +0 spear!
You hit the gnoll.
The gnoll is severely wounded.
The gnoll hits you with a +0 whip. The gnoll misses you.
You hit the gnoll.
The gnoll is severely wounded.
You hit the gnoll.
The gnoll is severely wounded.
The gnoll hits you with a +0 whip. The gnoll misses you.
You hit the gnoll.
You kill the gnoll!
The gnoll hits you from afar with a +0 spear!
* * * LOW HITPOINT WARNING * * *
You aren't carrying any potions.
Activating: Foxfire Swarm
Press: ? - help, Dir - look around, f - activate Look: a gnoll, wielding a +0 spear (heavily wounded) Flames leap up around you!
The gnoll hits you from afar with a +0 spear.
You die...

###### P..
.....####.###♣♣P.....P
.#........##... ..⌠...
.....#######.♣ ....(
.#...........♣♣ ..(P
.....♣.♣####..♣


P.P ##.<#♣.♣ ##.♣♣♣♣.♣ #..#♣.♣ #.vv♣♣v♣ #..#♣.♣ ###v@vg# #..#♣.♣ ###### #..#♣.♣
#>..♣.♣ ##.#♣.♣ ..# You could see a gnoll (ally target).

Vanquished Creatures
  2 gnolls (D:2)
  A dart slug (D:1)
  3 ball pythons (D:1)
  2 endoplasms (D:1)
  A giant cockroach (D:1)
  3 goblins (D:1)
  A hobgoblin (D:1)
  3 kobolds (D:1)
  A quokka (D:1)
  A bat (D:1)
  A frilled lizard (D:1)
  A rat (D:1)
20 creatures vanquished.

Vanquished Creatures (others)
  A plant (D:2)
1 creature vanquished.

Grand Total: 21 creatures vanquished

Notes
Turn   | Place    | Note
-------+----------+-------------------------------------------
     0 | D:1      | southernslant the Djinni Cinder Acolyte began the quest for
                  | the Orb.
     0 | D:1      | Reached XP level 1. HP: 20/20 MP: 0/0
   115 | D:1      | Reached XP level 2. HP: 25/25 MP: 0/0
   503 | D:1      | Reached XP level 3. HP: 28/30 MP: 0/0
   503 | D:1      | Learned a level 1 spell: Slow
   747 | D:1      | Reached skill level 1 in Armour
   813 | D:2      | Found a basalt altar of Yredelemnul.
   844 | D:2      | Reached skill level 1 in Dodging
   856 | D:2      | Slain by a gnoll

Illustrated notes

Levels and vault maps discovered:
D:1:      erik_arrival_orb_chamber, layout_basic
D:2:      layout_loops_ring, basic_altar, serial_forest,
          infiniplex_forest_straight_3, infiniplex_forest_lined_room_2,
          infiniplex_forest_lined_3, infiniplex_forest_lined_room_3,
          infiniplex_forest_fountain, infiniplex_forest_clump_diagonal,
          uniq_jessica, uniq_crazy_yiuf_cottage, uniq_terence

Skill      XL: |  1  2  3 |
---------------+----------+-----
Armour         | 1 |  1.1
Dodging        | 1 |  1.2
Fighting       | |  3.2
Short Blades   | |  2.8
Stealth        | |  0.4
Spellcasting   | |  2.6
Invocations    | |  0.4

Action                   || total
-------------------------++-------
Melee: Short sword       ||    38
       Dagger            ||    24
       Punch             ||     2
Throw: Stone             ||     2
       Boomerang         ||     2
 Cast: Scorch            ||     2
Invok: Foxfire Swarm     ||     1
Armor: Robe              ||     8
Dodge: Dodged            ||    40

Table legend: (Time is in decaauts)
 A = Elapsed time spent in this place.
 B = Non-inter-level travel time spent in this place.
 C = Inter-level travel time spent in this place.
 D = Time resting spent in this place.
 E = Time spent auto-exploring this place.
 F = Levels seen in this place.
 G = Mean time per level.
                   A        B        C        D        E       F      G
               +--------+--------+--------+--------+--------+-----+--------+
         Total |    850 |    850 |      0 |      0 |    654 |   2 |  425.0 |
       Dungeon |    850 |    850 |      0 |      0 |    654 |   2 |  425.0 |
               +--------+--------+--------+--------+--------+-----+--------+

Top non-repeatable levels by time:
     D:1: 806 daAuts
     D:2: 44 daAuts
